AoeStats
← Lucasavend

Arena

510728611Analyzed
4v4 RM · 12h ago on Oct 2, 2026· 54m 17s· 8 players
Game mode
Random Map
Map size
Large (8 player)
Population
200
Speed
Normal
Resources
Standard
Victory
Conquest
Starting age
Dark Age
Ending age
Imperial Age
RankedLock teamsTeams togetherTeam positionsShared explorationLock speedFull tech treeHidden civsTurbo modeCheats
Victory
Defeat
🇨🇳 Mongols · China
680
+19
🇪🇸 Poles · Spain
671
+19
🇨🇳 Italians · China
666
+19
🇨🇳 Celts · China
659
+19
🇹🇷 Burgundians · Türkiye
810
-21
🇦🇺 Franks · Australia
752
-20
🇨🇳 Teutons · China
736
-19
🇦🇷 Tupi · Argentina
651
-16
ALVICEN
0:29 Loom
10:11 Feudal Age
11:29 Wheelbarrow
10:40 Town Watch
11:09 Double-Bit Axe
12:54 Horse Collar
18:44 Castle Age
17:08 Stone Mining
18:13 Forging
19:42 Hand Cart
20:53 Bow Saw
21:37 Heavy Plow
27:02 Bloodlines
26:13 Light Cavalry
27:34 Arson
30:23 Gold Mining
31:14 Stone Shaft Mining
30:46 Town Patrol
30:42 Pikeman
32:41 Fletching
34:26 Iron Casting
35:34 Szlachta Privileges
35:56 Squires
35:19 Pikeman
36:29 Husbandry
42:24 Imperial Age
43:56 Treadmill Crane
44:29 Masonry
45:21 Chemistry
44:32 Fortified Wall
44:18 Murder Holes
44:44 Ballistics
45:01 Conscription
45:28 Crop Rotation
45:02 Winged Hussar
47:33 Lechitic Legacy
53:47 Blast Furnace
52:47 Scale Mail Armor
52:53 Scale Barding Armor
刺猬
1:48 Loom
11:25 Feudal Age
11:51 Double-Bit Axe
13:03 Horse Collar
20:27 Castle Age
18:48 Stone Mining
21:20 Bow Saw
21:27 Heavy Plow
23:23 Fervor
25:31 Gold Mining
27:37 Wheelbarrow
29:32 Gold Shaft Mining
29:59 Hand Cart
30:48 Stone Shaft Mining
35:02 Nomads
37:52 Imperial Age
36:49 Forging
36:39 Scale Mail Armor
36:44 Scale Barding Armor
36:29 Fletching
36:40 Padded Archer Armor
37:33 Ballistics
37:23 Fortified Wall
37:09 Murder Holes
37:24 Masonry
38:21 Iron Casting
38:42 Chain Mail Armor
37:58 Elite Mangudai
39:00 Drill
39:22 Hoardings
39:08 Conscription
38:21 Sappers
40:28 Chemistry
40:32 Siege Engineers
40:16 Arson
40:32 Squires
39:55 Capped Ram
40:58 Siege Ram
41:32 Town Watch
41:46 Bodkin Arrow
42:14 Chain Barding Armor
42:20 Leather Archer Armor
42:20 Husbandry
42:47 Bloodlines
43:50 Bracer
44:51 Blast Furnace
44:25 Plate Mail Armor
Miky Way
10:22 Feudal Age
11:53 Double-Bit Axe
11:49 Horse Collar
14:39 Castle Age
16:24 Wheelbarrow
17:31 Bow Saw
19:13 Heavy Plow
24:53 Padded Archer Armor
24:54 Gold Mining
24:54 Stone Mining
29:32 Imperial Age
28:20 Hand Cart
28:11 Loom
28:12 Town Watch
30:20 Silk Road
31:07 Pirotechnia
31:17 Conscription
32:07 Chemistry
31:36 Squires
32:29 Leather Archer Armor
32:05 Fletching
32:42 Fortified Wall
36:02 Ring Archer Armor
41:08 Elite Skirmisher
43:57 Forging
49:43 Town Patrol
50:07 Ballistics
49:45 Murder Holes
50:10 Caravan
sundaye-peking
11:19 Feudal Age
12:03 Double-Bit Axe
18:45 Castle Age
16:32 Loom
17:18 Scale Mail Armor
18:01 Forging
19:35 Gambesons
22:07 Pikeman
28:38 Bow Saw
35:46 Stone Mining
35:47 Gold Mining
37:47 Fortified Wall
38:00 Horse Collar
39:10 Heavy Plow
39:53 Chain Mail Armor
45:58 Imperial Age
46:17 Iron Casting
46:56 Halberdier
48:13 Plate Mail Armor
48:44 Blast Furnace
49:36 Capped Ram
51:12 Furor Celtica
51:32 Siege Engineers
52:34 Caravan
53:04 Coinage
52:43 Siege Ram
Lucasavend
0:40 Loom
12:12 Feudal Age
14:34 Wheelbarrow
13:46 Horse Collar
13:51 Double-Bit Axe
17:32 Town Watch
24:03 Castle Age
28:20 Imperial Age
28:08 Fletching
28:51 Heavy Plow
29:03 Bow Saw
30:53 Ballistics
32:32 Two-Man Saw
37:20 Bodkin Arrow
42:28 Padded Archer Armor
43:57 Leather Archer Armor
44:27 Bracer
44:49 Gold Mining
TIMUR
9:31 Feudal Age
8:23 Double-Bit Axe
16:16 Castle Age
15:26 Stone Mining
18:03 Gold Mining
17:55 Horse Collar
18:57 Bow Saw
21:03 Loom
21:54 Wheelbarrow
21:04 Town Watch
27:05 Imperial Age
24:59 Cavalier
26:32 Scale Barding Armor
26:38 Forging
28:31 Chain Barding Armor
28:57 Paladin
31:59 Plate Barding Armor
34:18 Conscription
36:08 Iron Casting
36:06 Hand Cart
36:06 Fortified Wall
36:19 Ballistics
38:17 Heavy Plow
41:50 Blast Furnace
40:53 Husbandry
40:57 Pikeman
41:39 Squires
41:41 Scale Mail Armor
43:19 Chemistry
43:40 Fletching
43:56 Murder Holes
44:12 Masonry
51:50 Chain Mail Armor
51:32 Bodkin Arrow
fighter7928
10:59 Feudal Age
15:53 Castle Age
14:55 Stone Mining
15:53 Gold Mining
17:03 Double-Bit Axe
17:56 Horse Collar
18:08 Horse Collar
19:29 Bow Saw
20:49 Heavy Plow
24:00 Pikeman
24:41 Squires
28:49 Wheelbarrow
30:03 Hand Cart
34:00 Imperial Age
36:11 Elite Teutonic Knight
37:30 Bloodlines
38:03 Caravan
40:28 Heavy Scorpion
41:36 Halberdier
42:08 Onager
44:19 Scale Mail Armor
44:29 Forging
45:55 Crenellations
47:59 Two-Man Saw
47:28 Ironclad
47:01 Elite Skirmisher
48:03 Padded Archer Armor
47:53 Fletching
49:06 Leather Archer Armor
50:59 Chemistry
51:29 Ballistics
51:10 Bodkin Arrow
51:46 Ring Archer Armor
51:53 Iron Casting
51:33 Chain Mail Armor
51:25 Scale Barding Armor
usless@AOE2
11:56 Feudal Age
12:31 Double-Bit Axe
12:40 Stone Mining
12:43 Gold Mining
14:35 Wheelbarrow
19:40 Castle Age
18:33 Forging
18:28 Scale Barding Armor
20:52 Hand Cart
21:13 Husbandry
Connection lost

Rejoining the realm…

Still unreachable

The connection could not be restored.

Session expired

The server has moved on; the page needs a fresh start.